 Dungeon Crawl Stone Soup version 0.31-a0-1301-g7e11add784 (webtiles) character file.

Game seed: 774360976667546957

903 Bnni the Digger (level 8, -5/60 HPs)
             Began as a Formicid Earth Elementalist on Dec 19, 2023.
             Slain by a hornet zombie (12 damage)
             ... on level 5 of the Dungeon.
             The game lasted 00:09:51 (4416 turns).

Bnni the Digger (Formicid Earth Elementalist)       Turns: 4416, Time: 00:09:51

Health: -5/60      AC:  3    Str: 13    XL:     8   Next: 28%
Magic:  8/14       EV: 17    Int: 17    God:
Gold:   200        SH:  0    Dex: 14    Spells: 5/15 levels left

rFire   . . .        g - +1 short sword (venom)
rCold   . . .        (no shield)
rNeg    . . .        a - +0 robe
rPois   .            (helmet unavailable)
rElec   .            c - +0 cloak
rCorr   .            (no gloves)
SInv    +            (no boots)
Will    .....        (no amulet)
Stlth   ++           e - +5 ring of evasion
HPRegen 0.30/turn    (no ring)
MPRegen 0.14/turn

%: no passive effects
@: no status effects
A: permanent stasis, dig shafts and tunnels, antennae 3, four strong arms
a: Dig, Shaft Self


You were on level 5 of the Dungeon.
You visited 1 branch of the dungeon, and saw 5 of its levels.

You collected 200 gold pieces.

Inventory:

Hand Weapons
 g - a +1 short sword of venom (weapon)
Missiles
 o - 6 curare-tipped darts
 s - a throwing net
Armour
 a - a +0 robe (worn)
 c - a +0 cloak (worn)
 p - a +0 chain mail
Jewellery
 e - a +5 ring of evasion (left hand)
Wands
 l - a wand of polymorph (22)
Scrolls
 d - a scroll of fog {unknown}
 f - 2 scrolls of enchant weapon
 h - a scroll of fear
 j - 3 scrolls of brand weapon
 q - a scroll of enchant armour {unknown}
Potions
 b - 2 potions of magic
 i - a potion of heal wounds
 m - a potion of attraction
 n - a potion of invisibility
 r - 2 potions of curing
 t - a potion of lignification {unknown}


   Skills:
 + Level 3.7 Fighting
 - Level 1.7 Dodging
 - Level 2.4 Stealth
 + Level 4.2 Spellcasting
 * Level 3.9 Conjurations
 - Level 2.0 Transmutations
 * Level 7.4 Earth Magic


You had 5 spell levels left.
You knew the following spells:

 Your Spells              Type           Power      Damage    Failure   Level
a - Sandblast             Erth           56%        2d13      1%          1
b - Passwall              Tmut/Erth      15%        N/A       3%          2
c - Stone Arrow           Conj/Erth      44%        3d9       4%          3
d - Brom's Barrelling Bo  Conj/Erth      22%        2d4       16%         4

Your spell library contained the following spells:

 Spells                   Type           Power      Damage    Failure   Level
 Wereblood                Tmut           10%        N/A       11%         2
 Petrify                  Tmut/Erth      19%        N/A       22%         4
 Summon Guardian Golem    Hex/Summ       3%         N/A       43%         3
 Irradiate                Conj/Tmut      6%         3d13      77%         5
 Orb of Destruction       Conj           8%         9d6       100%        7
 Spellforged Servitor     Conj/Summ      5%         N/A       100%        7


Dungeon Overview and Level Annotations

Branches:
Dungeon (5/15)
 Temple: D:4-7

Altars:
Ashenzari
Elyvilon
Qazlal

Shops:
D:2 :   D:4 [   D:5 (


Innate Abilities, Weirdness & Mutations

You cannot be hasted, slowed, berserked, paralysed or teleported.
You can dig through walls and to a lower floor.
You have a pair of large antennae on your head. (SInv)
Your four strong arms can wield two-handed weapons with a shield.


Message History

Aiming: Sandblast (safe; 1% risk of failure)
Press: ? - help, Q - select action, (/) - cycle Shift-Dir - straight line, f/p - hornet zombie
Aim: a hornet zombie (lightly damaged, 85% to hit)
The blast of sand hits the hornet zombie!!
The hornet zombie is heavily damaged.
You feel very sick. The hornet zombie closely misses you.
The hound skeleton bites you.
* * * LOW HITPOINT WARNING * * *
The hound skeleton bites you but does no damage.
The hornet zombie completely misses you.
Aiming: Sandblast (safe; 1% risk of failure)
Press: ? - help, Q - select action, (/) - cycle Shift-Dir - straight line, f/p - hornet zombie
Aim: a hornet zombie (heavily damaged, 85% to hit)
The blast of sand misses the hornet zombie.
You feel very sick. The hornet zombie hits you!
* * * LOW HITPOINT WARNING * * *
The hound skeleton bites you.
* * * LOW HITPOINT WARNING * * *
The hornet zombie hits you.
* * * LOW HITPOINT WARNING * * *
The hound skeleton misses you.
Aiming: Sandblast (safe; 1% risk of failure)
Press: ? - help, Q - select action, (/) - cycle Shift-Dir - straight line, f/p - hornet zombie
Aim: a hornet zombie (heavily damaged, 85% to hit)
Okay, then.
You feel better. The hornet zombie hits you!
* * * LOW HITPOINT WARNING * * *
The hound skeleton misses you.
The hornet zombie hits you but does no damage.
The hound skeleton bites you but does no damage.
Aiming: Sandblast (safe; 1% risk of failure)
Press: ? - help, Q - select action, (/) - cycle Shift-Dir - straight line, f/p - hornet zombie
Aim: a hornet zombie (heavily damaged, 85% to hit)
The blast of sand hits the hornet zombie!
The hornet zombie is severely damaged.
The hornet zombie closely misses you. The hound skeleton bites you.
* * * LOW HITPOINT WARNING * * *
The hornet zombie hits you!
You die...

#.# #. ###.##### # ###
#. #.......# #. .. ##'#
#.......###.##. #...
#........##.... #...
#..%.....##....
#...###........##....
#..#..Z.........†.##....
#.....@.....####.##....
#....Z.................
.........###.####.#.....
###.#+#..# #.# #.###...
# #..# #.# #....... #...
.# ######## ##.# #.#


You could see a hornet zombie and a hound skeleton.

Vanquished Creatures
  A water moccasin (D:5)
  A black bear (D:5)
  A centaur (D:5)
  A kobold brigand (D:3)
  A scorpion (D:4)
  A water moccasin zombie (D:5)
  The ghost of flinch the Insei, a weakling OpSh (D:3)
  A hound (D:5)
  3 jellies
  A bullfrog skeleton (D:5)
  A sleepcap (D:3)
  An orc wizard (D:4)
  Natasha (thrice) (D:3)
  An iguana (D:4)
  A scorpion zombie (D:5)
  A gnoll (D:4)
  An adder (D:5)
  A white imp (D:4)
  2 worms (D:4)
  10 orcs (D:4)
  4 endoplasms
  4 giant cockroaches
  2 goblins (D:3)
  2 hobgoblins
  3 jackals (D:3)
  14 kobolds
  7 ball pythons
  A bat (D:3)
  A frilled lizard (D:2)
  5 rats
77 creatures vanquished.

Notes
Turn   | Place    | Note
-------+----------+-------------------------------------------
     0 | D:1      | Bnni the Formicid Earth Elementalist began the quest for
                  | the Orb.
     0 | D:1      | Reached XP level 1. HP: 13/13 MP: 3/3
    81 | D:1      | Found Quddol's Magic Scroll Shoppe.
   928 | D:2      | Reached XP level 2. HP: 20/20 MP: 5/5
   943 | D:2      | Found Hoaxili's Book Boutique.
   956 | D:2      | Identified the +1 ring mail of Rahilu {^Contam rCorr Str+3}
  1617 | D:3      | Identified the +10 falchion "Beastslayer" {heavy, ^Contam
                  | rPois rCorr Stlth+}
  1623 | D:3      | Reached skill level 4 in Earth Magic
  1646 | D:3      | Noticed Natasha
  1651 | D:3      | Killed Natasha
  1652 | D:3      | Reached skill level 1 in Fighting
  1652 | D:3      | Reached XP level 3. HP: 19/26 MP: 1/6
  1733 | D:3      | Found a stormy altar of Qazlal.
  1735 | D:3      | Noticed Natasha
  1740 | D:3      | Killed Natasha
  1741 | D:3      | Reached XP level 4. HP: 32/32 MP: 3/8
  1866 | D:3      | Found a faded altar of an unknown god.
  1984 | D:3      | Found a broken altar of Ashenzari.
  2024 | D:3      | Found a white marble altar of Elyvilon.
  2103 | D:3      | Found a runed translucent gate.
  2104 | D:3      | Found a runed translucent gate.
  2106 | D:3      | Found a runed translucent gate.
  2106 | D:3      | Noticed flinch's ghost (weakling OpSh)
  2106 | D:3      | Noticed a kobold brigand
  2122 | D:3      | Learned a level 2 spell: Passwall
  2126 | D:3      | Learned a level 3 spell: Stone Arrow
  2320 | D:3      | Noticed Natasha
  2325 | D:3      | Killed Natasha
  2326 | D:3      | Reached skill level 5 in Earth Magic
  2529 | D:3      | Reached XP level 5. HP: 7/38 MP: 0/9
  2741 | D:3      | Killed a kobold brigand
  2742 | D:3      | Reached skill level 1 in Conjurations
  2742 | D:3      | Reached XP level 6. HP: 42/44 MP: 6/10
  2755 | D:3      | Killed flinch's ghost
  3213 | D:4      | Learned a level 4 spell: Brom's Barrelling Boulder
  3295 | D:4      | Reached skill level 6 in Earth Magic
  3295 | D:4      | Reached XP level 7. HP: 51/51 MP: 10/12
  3574 | D:4      | Found Fol Lasch's Antique Armour Shop.
  3772 | D:5      | Entered Level 5 of the Dungeon
  4063 | D:5      | Reached skill level 7 in Earth Magic
  4063 | D:5      | Reached XP level 8. HP: 54/58 MP: 7/14
  4330 | D:5      | Found Dalumi Kiuw's Antique Weapon Emporium.
  4416 | D:5      | Slain by a hornet zombie

Illustrated notes

Levels and vault maps discovered:
D:1:      mrwooster_arrival_statue, layout_basic, serial_shops, shop
D:2:      layout_basic, serial_shops, nicolae_shop_behind_doors,
          minmay_misc_feat_pillars
D:3:      layout_basic, grunt_qazlal_sundering,
          mainiacjoe_overflow_large_starburst, gammafunk_ghost_nasty_kobolds,
          hellmonk_ecumenical_altar_heavens_door, uniq_natasha
D:4:      layout_loops_cross, serial_shops, shop_fountains, minmay_ruptured
D:5:      layout_basic, serial_undead, serial_undead_e, serial_undead_a,
          serial_undead_e, serial_undead_a, serial_shops,
          nicolae_shop_tiny_real_fake_doors, minivault_26

Skill      XL: |  1  2  3  4  5  6  7 |
---------------+----------------------+-----
Earth Magic    | 4 5 6 7 |  7.4
Fighting       | 1 2 3 |  3.7
Transmutations | 2 |  2.0
Spellcasting   | 3 4 |  4.2
Conjurations   | 1 2 3 |  3.9
Dodging        | |  1.7
Stealth        | |  2.4

Action                     |  1- 3 |  4- 6 |  7- 9 || total
---------------------------+-------+-------+-------++-------
  Melee: Short sword       |    22 |    85 |    26 ||   133
         Spear             |     2 |       |       ||     2
         Punch             |     1 |     1 |       ||     2
         Unarmed           |       |     1 |       ||     1
   Cast: Sandblast         |    11 |    41 |    44 ||    96
    Use: Scroll            |     1 |     7 |     1 ||     9
         Potion            |       |       |     1 ||     1
   Stab: Sleeping          |     4 |     1 |       ||     5
 Armour: Robe              |     4 |    33 |    37 ||    74
  Dodge: Dodged            |    20 |   103 |    70 ||   193

Table legend: (Time is in decaauts)
 A = Elapsed time spent in this place.
 B = Non-inter-level travel time spent in this place.
 C = Inter-level travel time spent in this place.
 D = Time resting spent in this place.
 E = Time spent auto-exploring this place.
 F = Levels seen in this place.
 G = Mean time per level.
                   A        B        C        D        E       F      G
               +--------+--------+--------+--------+--------+-----+--------+
         Total |   4461 |   4372 |     89 |    123 |   3553 |   5 |  892.2 |
       Dungeon |   4461 |   4372 |     89 |    123 |   3553 |   5 |  892.2 |
               +--------+--------+--------+--------+--------+-----+--------+

Top non-repeatable levels by time:
     D:3: 1271 daAuts
     D:4: 938 daAuts
     D:1: 841 daAuts
     D:2: 749 daAuts
     D:5: 660 daAuts
